Map: Hardwire LE

Players

Pandemic

  • Race: Terran Terran
  • League: Platinum

mimori - Winner!

  • Race: Protoss Protoss
  • League: Diamond

VOD

Have the link to the VOD?

Description

Time

  • Played on: Oct. 23, 2021, 4:55 p.m.
  • Length: 7:09
Show
View Real Time Build Order
Export as new Build Order

Pandemic Terran 

Build Orders:  

Get SALT Encoding   

  12  0:00  SCV  
  13  0:12  SCV  
  14  0:16  Supply Depot  
  14  0:24  SCV  
  15  0:29  Refinery  
  15  0:38  SCV  
  16  0:45  Barracks  
  16  0:50  SCV  
  17  1:02  SCV  
  18  1:14  SCV  
  20  1:33  Marine  
  20  1:37  Orbital Command  
  20  1:43  Command Center  
  20  1:51  Supply Depot  
  20  1:59  Barracks Reactor  
  20  2:07  Factory  
  20  2:09  SCV  
  21  2:17  Refinery  
  21  2:21  SCV  
  22  2:24  Bunker  
  22  2:33  SCV  
  24  2:38  Marine x2  
  25  2:45  SCV  
  26  2:55  Starport  
  26  2:56  Widow Mine  
  26  2:57  SCV  
  29  3:02  Orbital Command  
  29  3:09  SCV  
  29  3:11  Marine  
  29  3:12  Marine  
  32  3:22  SCV  
  32  3:28  Factory Tech Lab  
  32  3:29  Marine x2  
  32  3:31  Factory Tech Lab  
  32  3:34  SCV  
  35  3:35  Barracks  
  35  3:43  Starport Tech Lab, SCV  
  36  3:50  SCV  
  36  3:52  Supply Depot, Marine  
  38  3:59  SCV  
  38  4:02  SCV, Factory Reactor  
  39  4:08  Marine  
  38  4:10  Marine  
  38  4:11  SCV  
  38  4:14  SCV  
  40  4:22  Barracks  
  40  4:23  SCV  
  41  4:26  SCV  
  42  4:35  SCV, Marine x2  
  42  4:38  SCV  
  46  4:39  Marine  
  46  4:41  Starport Reactor  
  47  4:46  Supply Depot  
  47  4:47  SCV  
  47  4:50  SCV  
  49  4:53  Marine  
  49  4:54  Marine  
  49  4:55  Supply Depot  
  49  4:58  Stimpack  
  52  5:00  SCV  
  52  5:02  SCV  
  53  5:09  Supply Depot  
  53  5:10  Marauder  
  53  5:12  SCV  
  56  5:14  SCV  
  56  5:19  Engineering Bay  
  56  5:20  Supply Depot  
  57  5:22  Marine x2  
  57  5:24  SCV  
  57  5:26  Marauder, SCV  
  63  5:30  Refinery  
  63  5:31  Marauder  
  67  5:36  Medivac, SCV  
  67  5:37  Medivac  
  67  5:38  SCV  
  67  5:39  Marine  
  72  5:46  Refinery  
  72  5:47  Marauder  
  72  5:48  SCV  
  72  5:49  Marine  
  76  5:50  SCV  
  77  6:00  SCV  
  77  6:03  SCV  
  79  6:07  Marine  
  79  6:08  Marine x3  
  83  6:13  Command Center  
  77  6:26  Marauder  
  70  6:37  Marine x2  
  53  6:47  Marine  
Show
View Real Time Build Order
Export as new Build Order

mimori Protoss - Winner!

Build Orders: 1 Gate Expand, Blink Stalkers 

Get SALT Encoding   

  12  0:01  Probe  
  13  0:13  Probe  
  14  0:20  Pylon  
  14  0:25  Probe  
  15  0:38  Probe  
  16  0:43  Gateway  
  16  0:50  Probe (Chrono Boost)  
  17  1:01  Probe (Chrono Boost), Assimilator  
  18  1:06  Probe (Chrono Boost)  
  19  1:17  Probe  
  20  1:29  Probe  
  20  1:32  Cybernetics Core  
  21  1:38  Nexus  
  21  1:48  Pylon  
  21  1:50  Probe  
  22  1:59  Assimilator  
  22  2:02  Probe  
  22  2:06  Adept (Chrono Boost)  
  23  2:12  Warp Gate  
  25  2:17  Probe  
  26  2:29  Stalker  
  28  2:34  Probe  
  29  2:40  Pylon  
  29  2:45  Twilight Council  
  29  2:55  Probe x2  
  31  2:59  Stalker  
  33  3:07  Probe  
  34  3:29  Probe  
  34  3:30  Probe  
  36  3:36  Blink (Chrono Boost)  
  36  3:37  Robotics Facility  
  36  3:41  Probe  
  36  3:42  Probe  
  36  3:43  Gateway  
  36  3:44  Gateway  
  38  3:54  Probe x2  
  38  4:31  Probe x2  
  38  4:34  Gateway  
  40  4:39  Stalker  
  40  4:41  Observer (Chrono Boost)  
  40  4:43  Probe x2  
  40  4:45  Stalker x2  
  49  4:51  Assimilator  
  49  4:54  Warp Prism (Chrono Boost), Pylon  
  49  4:56  Pylon  
  51  5:05  Stalker  
  53  5:18  Observer  
  53  5:20  Probe x2  
  56  5:27  Stalker  
  56  5:28  Stalker x2  
  60  5:29  Stalker  
  64  5:44  Pylon  
  64  5:45  Pylon  
  64  5:48  Pylon  
  64  5:54  Probe  
  64  5:57  Stalker x2  
  67  6:01  Pylon  
  67  6:03  Nexus, Stalker  
  67  6:04  Stalker  
  73  6:30  Stalker  
  73  6:31  Stalker x3  
  73  6:51  Probe x2  
  75  6:54  Stalker x2  
  75  6:55  Stalker x2  
Tags
 
Add a new tag
Caveats
  • Supply blocks, unpowered buildings, or Contaminate may cause inaccurate times.
  • Supply counts are checked every 10 seconds.